 Dungeon Crawl Stone Soup version 0.18.1-2-ga659475 (webtiles) character file.

5483 dvd the Nimble (level 10, 0/76 HPs)
             Began as a Merfolk Transmuter on May 8, 2016.
             Was a Follower of Sif Muna.
             Slain by Erica
             ... wielding a +1 scimitar of flaming
              (10 damage)
             ... on level 10 of the Dungeon.
             The game lasted 00:46:57 (11828 turns).

dvd the Nimble (Merfolk Transmuter)                Turns: 11828, Time: 00:46:58

Health: 0/76       AC:  4    Str: 11    XL:     10   Next: 69%
Magic:  19/19      EV: 17    Int: 16    God:    Sif Muna [*.....]
Gold:   622        SH:  0    Dex: 14    Spells: 7 memorised, 2 levels left

rFire  . . .     SeeInvis .       - Unarmed
rCold  . . .     Gourm    .     y - +0 robe (curse)
rNeg   . . .     Faith    .     (shield currently unavailable)
rPois  .         Spirit   .     t - +1 helmet
rElec  .         Dismiss  .     (no cloak)
rCorr  +         Reflect  .     (gloves currently unavailable)
SustAt +         Harm     .     (no boots)
MR     .....                    p - amulet of rage
Stlth  +.........               n - ring of sustain attributes
                                k - ring of resist corrosion

@: confused, lethally poisoned (0 -> -8), blade hands, very slightly
contaminated, hasted, very quick, not resistant to hostile enchantments, very
unstealthy
A: change form in water, swift swim
a: End Transformation, Channel Energy, Renounce Religion, Evoke Berserk Rage


You were on level 10 of the Dungeon.
You worshipped Sif Muna.
Sif Muna was aware of your devotion.
You were not hungry.
You had blades for hands.
You visited 2 branches of the dungeon, and saw 11 of its levels.

You collected 622 gold pieces.

Inventory:

Hand Weapons
 s - the +5 long sword of Dusyirom {slice, +Rage rF- rN+ Int+4}
   (You found it on level 6 of the Dungeon)

   It inflicts extra damage upon your enemies.
   It affects your intelligence (+4).
   It makes you vulnerable to fire.
   It protects you from negative energy.
   It lets you go berserk.
 u - the +9 battleaxe "Culotoiv" {chop, rElec rC+ Dex+6}
   (You found it on level 9 of the Dungeon)

   It inflicts extra damage upon your enemies.
   It affects your dexterity (+6).
   It protects you from cold.
   It insulates you from electricity.
Missiles
 a - 135 arrows
 q - 4 exploding tomahawks (quivered)
 I - 4 tomahawks
Armour
 b - a +0 robe
 t - a +1 helmet (worn)
 w - a +0 pair of gloves (melded)
 y - a cursed +0 robe (worn)
Jewellery
 k - a ring of resist corrosion (left scythe-like blade)
 n - a ring of sustain attributes (right scythe-like blade)
 p - an amulet of rage (around neck)
 A - an uncursed ring of ice
Wands
 e - a wand of confusion (24/48)
 B - a wand of iceblast (6/15)
 G - a wand of polymorph (18/24)
 J - a wand of teleportation (4/9)
Scrolls
 f - 2 scrolls of recharging
 g - 7 scrolls of identify
 h - 4 scrolls of teleportation
 l - 3 scrolls of remove curse
 v - 2 scrolls of fear
Potions
 x - a potion of might
Books
 c - a book of Changes

   Spells                             Type                      Level
   a - Beastly Appendage              Transmutation                1
   b - Sticks to Snakes               Transmutation                2
   c - Spider Form                    Transmutation/Poison         3
   d - Ice Form                       Ice/Transmutation            4
   e - Blade Hands                    Transmutation                5
 m - a book of Conjurations

   Spells                             Type                      Level
   a - Magic Dart                     Conjuration                  1
   b - Searing Ray                    Conjuration                  2
   c - Dazzling Spray                 Conjuration/Hexes            3
   d - Fulminant Prism                Conjuration/Hexes            4
   e - Iskenderun's Mystic Blast      Conjuration                  4
   f - Iskenderun's Battlesphere      Conjuration/Charms           5
 z - a book of the Warp

   Spells                             Type                      Level
   a - Recall                         Summoning/Translocation      3
   b - Gell's Gravitas                Hexes/Translocation          3
   c - Force Lance                    Conjuration/Translocation    4
   d - Warp Weapon                    Charms/Translocation         5
   e - Summon Forest                  Summoning/Translocation      5
 D - the Volume of the Voyage and Feathers
   (You found it on level 7 of the Dungeon)

   Spells                             Type                      Level
   a - Apportation                    Translocation                1
   b - Recall                         Summoning/Translocation      3
   c - Lightning Bolt                 Conjuration/Air              5
   d - Summon Forest                  Summoning/Translocation      5
   e - Deflect Missiles               Charms/Air                   6
 E - a book of Necromancy

   Spells                             Type                      Level
   a - Pain                           Necromancy                   1
   b - Animate Skeleton               Necromancy                   1
   c - Vampiric Draining              Necromancy                   3
   d - Regeneration                   Charms/Necromancy            3
   e - Animate Dead                   Necromancy                   4
   f - Control Undead                 Necromancy                   4
Comestibles
 d - 7 bread rations
 j - a slice of pizza
 C - 3 meat rations
 F - 2 fruits
 K - a beef jerky


   Skills:
 + Level 6.1 Fighting
 + Level 9.5 Dodging
 + Level 3.4 Stealth
 + Level 7.6 Unarmed Combat
 + Level 6.4 Spellcasting
 * Level 0.4 Charms
 * Level 0.8 Necromancy
 + Level 7.9 Transmutations
 + Level 5.0 Ice Magic
 + Level 3.2 Poison Magic
 + Level 0.2 Evocations


You had 2 spell levels left.
You knew the following spells:

 Your Spells              Type           Power        Failure   Level  Hunger
a - Beastly Appendage     Trmt           ####..       12%         1    None
b - Sticks to Snakes      Trmt           ####....     14%         2    None
c - Spider Form           Trmt/Pois      ###.......   32%         3    ##.....
d - Ice Form              Ice/Trmt       ####....     50%         4    ####...
e - Blade Hands           Trmt           ####......   54%         5    #####..
f - Pain                  Necr           #...         50%         1    None
g - Regeneration          Chrm/Necr      #.........   77%         3    ##.....


Dungeon Overview and Level Annotations

Branches:
Dungeon (10/15)            Temple (1/1) D:7
   Lair: D:8-11         Orc: D:9-12

Altars:
Ashenzari
Cheibriados
Dithmenos
Elyvilon
Fedhas
Gozag
Kikubaaqudgha
Makhleb
Nemelex Xobeh
Okawaru
Pakellas
Qazlal
Ru
Sif Muna
Trog
Vehumet
Xom
Yredelemnul
Zin
The Shining One
Beogh

Shops:
D:4 *   D:6 :

Annotations:
D:10 Erica


Message History

Drink which item? (? for menu, Esc to quit)
You are confused.
You feel invigorated.
* * * LOW HITPOINT WARNING * * *
You feel sick. Something hits you.
* * * LOW HITPOINT WARNING * * *
Something burns you.
* * * LOW HITPOINT WARNING * * *
Drink which item? (? for menu, Esc to quit)
You feel yourself speed up.
* * * LOW HITPOINT WARNING * * *
You feel sick.
* * * LOW HITPOINT WARNING * * *
You feel sick.
You hear some strange, mumbled words.
A bolt of poison appears from out of thin air!
The bolt of poison misses you.
You hear a bellow!
You bump into the rock wall.
Something hits you!
You die...

#########..#
#....@{C...#
#.#######..#
#.#
#########.#
#.........#
#.#########
#.# #.# #.#


You could see a hill giant.

Vanquished Creatures
  Pikel (D:5)
  Joseph (D:8)
  A two-headed ogre (D:8)
  Grinder (D:6)
  A spriggan (D:7)
  A shadow (D:8)
  A wyvern (D:10)
  A sky beast (D:5)
  Edmund (D:6)
  6 orc warriors
  An ice beast (D:6)
  A slave (D:5)
  A necrophage (D:6)
  The ghost of Ishikai the Poker, an amateur MiBe of Trog (D:3)
  2 phantoms (D:6)
  A centaur (D:8)
  2 ogres
  2 giant frogs
  4 scorpions
  9 killer bees (D:9)
  8 crimson imps
  2 centaur zombies (D:8)
  3 hounds
  A gnoll shaman (D:6)
  2 orc priests
  A centaur skeleton (D:6)
  7 orc wizards
  Ijyb (D:3)
  4 iguanas
  9 worker ants
  A killer bee zombie (D:6)
  2 hound skeletons
  3 worker ant zombies
  Robin (D:3)
  10 gnolls
  10 adders
  2 shadow imps
  8 worms
  A dart slug (D:3)
  5 giant geckos
  44 orcs
  10 giant cockroaches
  14 goblins
  8 hobgoblins
  19 jackals
  A kobold (D:1)
  3 quokkas
  4 ball pythons
  7 bats
  A giant gecko zombie (D:7)
  2 giant newts
  8 rats
241 creatures vanquished.

Vanquished Creatures (collateral kills)
  2 adders (D:2)
  A giant newt (D:1)
  A rat (D:2)
4 creatures vanquished.

Vanquished Creatures (others)
  A slave (D:5)
  Menkaure (D:5)
  A shadow imp (D:5)
3 creatures vanquished.

Grand Total: 248 creatures vanquished

Notes
Turn   | Place    | Note
--------------------------------------------------------------
     0 | D:1      | dvd the Merfolk Transmuter began the quest for the Orb.
     0 | D:1      | Reached XP level 1. HP: 15/15 MP: 3/3
   150 | D:1      | Reached XP level 2. HP: 11/21 MP: 3/5
   290 | D:1      | Learned a level 2 spell: Sticks to Snakes
  1045 | D:2      | Reached XP level 3. HP: 17/26 MP: 6/6
  1359 | D:2      | Found a glowing silver altar of Zin.
  1369 | D:2      | Reached skill level 3 in Dodging
  1755 | D:2      | Reached skill level 1 in Stealth
  1766 | D:2      | Learned a level 3 spell: Spider Form
  1801 | D:2      | Reached XP level 4. HP: 33/33 MP: 6/8
  2344 | D:2      | Found a sparkling altar of Nemelex Xobeh.
  2500 | D:3      | Noticed Ishikai's ghost (amateur MiBe)
  2618 | D:3      | Reached XP level 5. HP: 38/38 MP: 7/9
  2641 | D:3      | Learned a level 4 spell: Ice Form
  2656 | D:3      | Noticed Robin
  2829 | D:3      | Killed Robin
  3145 | D:3      | Killed Ishikai's ghost
  3145 | D:3      | Reached skill level 4 in Dodging
  3145 | D:3      | Reached XP level 6. HP: 44/44 MP: 7/11
  3346 | D:3      | Noticed Ijyb
  3357 | D:3      | Killed Ijyb
  3391 | D:3      | Found a burning altar of Makhleb.
  4198 | D:4      | Found a shadowy altar of Dithmenos.
  4224 | D:4      | Found a sacrificial altar of Ru.
  4265 | D:4      | Found Puog's Assorted Antiques.
  4445 | D:4      | Reached skill level 1 in Ice Magic
  4445 | D:4      | Reached XP level 7. HP: 44/51 MP: 8/12
  4550 | D:4      | Found a shimmering altar of Xom.
  4552 | D:4      | Found a glowing golden altar of the Shining One.
  4812 | D:5      | Entered Level 5 of the Dungeon
  4821 | D:5      | Reached skill level 1 in Poison Magic
  4889 | D:5      | Reached skill level 5 in Dodging
  4964 | D:5      | Noticed Pikel
  4987 | D:5      | Killed Pikel
  4987 | D:5      | Reached skill level 5 in Unarmed Combat
  4987 | D:5      | Reached skill level 5 in Transmutations
  4987 | D:5      | Reached XP level 8. HP: 29/58 MP: 11/14
  5154 | D:5      | Killed Menkaure
  5347 | D:5      | Learned a level 5 spell: Blade Hands
  5364 | D:5      | Reached skill level 6 in Dodging
  5565 | D:5      | Found a blossoming altar of Fedhas.
  5734 | D:6      | Noticed Grinder
  5747 | D:6      | Killed Grinder
  6133 | D:6      | Reached skill level 5 in Spellcasting
  6162 | D:6      | Reached XP level 9. HP: 41/65 MP: 10/16
  6413 | D:6      | Found Tyiviq's Book Shop.
  6551 | D:6      | Reached skill level 7 in Dodging
  6594 | D:6      | Noticed Edmund
  6611 | D:6      | Killed Edmund
  7011 | D:6      | Got a brightly glowing long sword
  7407 | D:6      | Found an opulent altar of Gozag.
  7659 | D:7      | Found a shattered altar of Ashenzari.
  7713 | D:7      | Found a staircase to the Ecumenical Temple.
  7744 | Temple   | Entered the Ecumenical Temple
  7873 | D:7      | Reached skill level 8 in Dodging
  7913 | D:7      | Found a bloodstained altar of Trog.
  8018 | D:7      | Identified the Volume of the Voyage and Feathers
  8470 | D:8      | Noticed Joseph
  8481 | D:8      | Killed Joseph
  8481 | D:8      | Reached skill level 5 in Fighting
  8481 | D:8      | Reached XP level 10. HP: 74/74 MP: 14/18
  8576 | D:8      | Found a deep blue altar of Sif Muna.
  8584 | D:8      | Became a worshipper of Sif Muna the Loreminder
  8595 | D:8      | Learned a level 1 spell: Pain
  8994 | D:8      | Found a radiant altar of Vehumet.
  9226 | D:8      | Reached skill level 9 in Dodging
  9742 | D:8      | Learned a level 3 spell: Regeneration
 10344 | D:9      | Got an ebony battleaxe
 10433 | D:9      | Found a roughly hewn altar of Beogh.
 10534 | D:8      | Reached * piety under Sif Muna
 11222 | D:9      | Identified the +9 battleaxe "Culotoiv" {chop, rElec rC+ Dex+6} (You found it on level 9 of the Dungeon)
 11223 | D:9      | Identified the +5 long sword of Dusyirom {slice, +Rage rF- rN+ Int+4} (You found it on level 6 of the Dungeon)
 11383 | D:9      | Reached skill level 5 in Ice Magic
 11712 | D:9      | Found a basalt altar of Yredelemnul.
 11738 | D:10     | Entered Level 10 of the Dungeon
 11815 | D:10     | Noticed Erica
 11820 | D:10     | Noticed a hill giant
 11825 | D:10     | HP: 2/76 [something (3)]
 11828 | D:10     | Slain by Erica

Skill      XL: |  1  2  3  4  5  6  7  8  9 10 |
---------------+-------------------------------+-----
Transmutations | 3 4 5 6 7 |  7.9
Dodging        | 3 4 5 6 8 9 |  9.5
Stealth        | 1 2 3 |  3.4
Spellcasting   | 3 4 5 6 |  6.4
Fighting       | 2 3 4 5 6 |  6.1
Unarmed Combat | 4 5 6 7 |  7.6
Ice Magic      | 1 3 4 5 |  5.0
Poison Magic   | 2 3 |  3.2
Charms         | |  0.4
Necromancy     | |  0.8
Evocations     | |  0.2

Action                   |  1- 3 |  4- 6 |  7- 9 | 10-12 || total
-------------------------+-------+-------+-------+-------++-------
Melee: Unarmed           |   114 |   177 |   328 |   227 ||   846
       Headbutt          |    11 |     2 |       |       ||    13
       Punch             |     2 |       |       |     1 ||     3
Throw: Tomahawk          |       |       |     3 |     1 ||     4
 Cast: Beastly Appendage |    21 |     6 |       |       ||    27
       Sticks to Snakes  |     8 |     2 |     4 |       ||    14
       Spider Form       |       |    21 |    29 |    11 ||    61
       Ice Form          |       |       |    12 |    13 ||    25
       Pain              |       |       |       |     8 ||     8
       Blade Hands       |       |       |       |     3 ||     3
       Regeneration      |       |       |       |     1 ||     1
 Abil: Evoke Berserk Rag |       |     1 |     1 |       ||     2
  Use: Scroll            |       |       |     9 |     2 ||    11
       Potion            |       |       |     3 |     9 ||    12
 Stab: Sleeping          |     1 |     1 |     1 |     2 ||     5
       Distracted        |       |       |       |     1 ||     1
  Eat: Chunk             |     4 |    14 |    15 |    12 ||    45
       Pizza             |       |       |     1 |     3 ||     4
       Beef jerky        |       |       |     1 |       ||     1
Armor: Robe              |    18 |    19 |     2 |     4 ||    43
       Skin              |       |     5 |    19 |    18 ||    42
Dodge: Dodged            |    72 |   151 |   257 |   147 ||   627
